Map: Deathaura LE

Players

A.I. 1 (Medium)

  • Race: Terran Terran
  • Spawn Location: 11:00

XimixLeMarin - Winner!

  • Race: Protoss Protoss
  • Spawn Location: 5:00

VOD

Have the link to the VOD?

Description

noob

Time

  • Played on: March 10, 2021, 5:32 a.m.
  • Length: 4:59
Show
View Real Time Build Order
Export as new Build Order

A.I. 1 (Medium) Terran 

Build Orders:  

Get SALT Encoding   

  12  0:00  SCV  
  13  0:13  SCV  
  14  0:19  Supply Depot  
  14  0:25  SCV  
  15  0:41  SCV  
  16  0:43  Barracks  
  16  0:47  Refinery  
  16  0:53  SCV  
  17  1:05  SCV  
  18  1:15  Supply Depot  
  18  1:30  Marine  
  19  1:33  Barracks, Orbital Command  
  19  1:41  Refinery  
  19  1:49  Barracks Tech Lab  
  19  2:07  Marine  
  20  2:10  Supply Depot  
  20  2:19  Marine  
  21  2:31  Marine  
  22  2:42  Marine  
  23  2:44  Supply Depot  
  23  2:54  SCV, Marine  
  25  3:05  Marine  
  25  3:06  SCV  
  25  3:07  Engineering Bay  
  27  3:17  Marauder  
  27  3:18  SCV  
  30  3:28  Marine  
  30  3:30  SCV  
  32  3:39  Marine  
  33  3:42  SCV  
  33  3:46  Supply Depot  
  34  3:51  Marine  
  34  3:54  SCV  
  36  4:02  Marine  
  37  4:21  Marauder  
Show
View Real Time Build Order
Export as new Build Order

XimixLeMarin Protoss - Winner!

Build Orders:  

Get SALT Encoding   

  12  0:01  Probe  
  13  0:13  Probe  
  14  0:21  Pylon  
  14  0:27  Probe  
  15  0:41  Gateway  
  16  0:48  Probe (Chrono Boost)  
  16  0:55  Assimilator  
  16  0:56  Assimilator  
  16  1:01  Probe (Chrono Boost)  
  17  1:08  Probe (Chrono Boost)  
  18  1:15  Probe (Chrono Boost)  
  18  1:18  Pylon  
  19  1:27  Probe (Chrono Boost)  
  20  1:34  Probe (Chrono Boost)  
  21  1:41  Probe  
  22  1:48  Nexus  
  22  1:53  Probe  
  23  2:03  Cybernetics Core  
  23  2:10  Probe  
  24  2:22  Probe, Pylon  
  25  2:34  Probe  
  26  2:48  Gateway, Robotics Facility  
  26  2:50  Gateway  
  26  2:54  Probe  
  26  2:57  Warp Gate  
  27  3:03  Stalker  
  29  3:07  Probe (Chrono Boost)  
  29  3:11  Probe (Chrono Boost)  
  31  3:19  Probe (Chrono Boost)  
  32  3:22  Probe (Chrono Boost)  
  32  3:23  Forge  
  32  3:25  Probe (Chrono Boost)  
  34  3:27  Probe (Chrono Boost)  
  35  3:35  Twilight Council  
  35  3:38  Probe  
  35  3:39  Probe  
  35  3:41  Observer (Chrono Boost)  
  38  3:51  Probe x2  
  40  4:03  Probe x2  
  40  4:04  Nexus  
  42  4:15  Probe x2  
  44  4:20  Assimilator  
  44  4:22  Assimilator  
  44  4:27  Probe x2, Pylon  
  46  4:31  Pylon  
  46  4:39  Probe x2  
Tags
 
Matchup
PvT
Spawn Locations
Cross Positions
Add a new tag
Caveats
  • Supply blocks, unpowered buildings, or Contaminate may cause inaccurate times.
  • Supply counts are checked every 10 seconds.